 Dungeon Crawl Stone Soup version 0.30.0-10-gfe55d96785 (webtiles) character file.

Game seed: 14237016711067401651

4759 qw the Cleaver (level 10, -3/65 HPs)
             Began as a Gargoyle Cinder Acolyte on May 17, 2023.
             Was an Initiate of Ignis.
             Slain by an orc warrior
             ... wielding a +0 glaive
              (5 damage)
             ... on level 9 of the Dungeon.
             The game lasted 00:04:03 (8124 turns).

qw the Cleaver (Gargoyle Cinder Acolyte)            Turns: 8124, Time: 00:04:04

Health: -3/65      AC:  7    Str: 23      XL:     10   Next: 46%
Magic:  20/20      EV:  8    Int: 14      God:    Ignis [......]
Gold:   354        SH:  4    Dex:  4 (5)  Spells: 11/11 levels left

rFire   + + .        t - +0 war axe (spect)
rCold   . . .        l - +0 buckler
rNeg    + . .        m - +0 chain mail
rPois   inf          (no helmet)
rElec   +            (no cloak)
rCorr   .            (no gloves)
SInv    .            q - +2 pair of boots
Will    .....        (no amulet) Stlth
                     n - ring of Fedhas's Esteem {rPois rF+ MP+9}
HPRegen 0.30/turn    (no ring)
MPRegen 0.17/turn

%: clarity
@: corroded, fiery-armoured
A: sickness immunity, AC +7, negative energy resistance 1, electricity
resistance, torment resistance 1, petrification resistance, clarity
a: Renounce Religion, Rising Flame


You were on level 9 of the Dungeon.
You worshipped Ignis.
Ignis was noncommittal.
You visited 1 branch of the dungeon, and saw 9 of its levels.

You collected 354 gold pieces.


Innate Abilities, Weirdness & Mutations

You are immune to sickness and miasma.
Your stone body is resilient. (AC +7)
You are immune to poison.
You resist negative energy. (rN+)
You are resistant to electric shocks. (rElec)
You are resistant to unholy torment.
You are immune to petrification.
You possess an exceptional clarity of mind.


   Skills:
 - Level 8.8 Fighting
 + Level 10.3 Axes
 - Level 1.3 Throwing
 - Level 5.1 Armour
 - Level 1.2 Dodging
 - Level 5.2 Shields
 - Level 1.0 Spellcasting
 - Level 3.0 Fire Magic


You had 11 spell levels left.
You didn't know any spells.
Your spell library contained the following spells:

 Spells                   Type           Power      Damage    Failure   Level
 Scorch                   Fire           18%        2d6       61%         2

Inventory:

Hand Weapons
 d - a +2 war axe of flaming
 t - a +0 spectral war axe (weapon)
Missiles
 u - a boomerang (quivered)
Armour
 a - the +0 chain mail of Awe {rElec Will- Dex+3}
   (You found it on level 2 of the Dungeon)

   Dex:       It affects your dexterity (+3).
   rElec:     It insulates you from electricity.
   Will:      It decreases your willpower.
 j - the +6 ring mail of the Arena {Harm rC+ Slay+4}
   (You took it off a hobgoblin on level 2 of the Dungeon)

   Slay:      It affects your accuracy & damage with ranged weapons and melee
   (+4).
   rC:        It protects you from cold.
   Harm:      It increases damage dealt and taken.
 l - a +0 buckler (worn)
 m - a +0 chain mail (worn)
 p - a +0 plate armour
 q - a +2 pair of boots (worn)
Jewellery
 n - the ring of Fedhas's Esteem (left hand) {rPois rF+ MP+9}
   (You found it on level 3 of the Dungeon)

   [ring of protection from fire]

   rF:        It protects you from fire.
   rPois:     It protects you from poison.
   MP:        It affects your magic capacity (+9).
Wands
 f - a wand of digging (1)
Scrolls
 s - a scroll of identify
 x - a scroll of brand weapon
Potions
 b - 2 potions of mutation
 c - a potion of haste
 e - a potion of magic {unknown}
 h - 5 potions of curing
 i - 3 potions of might
 k - a potion of attraction {unknown}
 r - a potion of brilliance {unknown}
 v - a potion of resistance {unknown}
 z - a potion of degeneration {unknown}

Dungeon Overview and Level Annotations

Branches:
Dungeon (9/15)             Temple (0/1) D:5
   Lair: D:8-11         Orc: D:9-12

Altars:
Elyvilon
Hepliaklqana
Kikubaaqudgha
Makhleb
Okawaru

Annotations:
D:9 exclusion: 2 quasits


Message History

You slice the orc warrior!!
The orc warrior is severely wounded.
You barely miss something.
Your +0 spectral war axe hits something but does no damage.
Your +0 spectral war axe hits the orc but does no damage. x2
Your +0 spectral war axe hits the orc warrior but does no damage.
Something hits you but does no damage.
Deactivating autopickup; reactivate with Ctrl-A.
The orc warrior hits you from afar with a +0 glaive!
Autopickup is now on.
Lua error: [string "/dgldir/rcfiles/crawl-bot-0.30/qwlua.rc"]:3701: Cannot currently process new keys (there is pending input)
8122 ||| DRINKING potion of heal wounds.
You feel much better.
Your +0 spectral war axe disappears.
The orc warrior hits you from afar with a +0 glaive!!
You closely miss the orc warrior.
The orc warrior is severely wounded.
You hit something but do no damage.
Your +0 spectral war axe barely misses the orc warrior.
Your +0 spectral war axe hits something but does no damage.
Your +0 spectral war axe hits the orc warrior but does no damage. x2
The orc warrior throws a boomerang.
The boomerang hits your +0 spectral war axe.
Something completely misses your +0 spectral war axe.
Something hits you.
Deactivating autopickup; reactivate with Ctrl-A.
The orc warrior hits you but does no damage.
Autopickup is now on.
Lua error: [string "/dgldir/rcfiles/crawl-bot-0.30/qwlua.rc"]:3701: Cannot currently process new keys (there is pending input)
You hit the orc warrior but do no damage.
The orc warrior is severely wounded.
You barely miss something.
Your +0 spectral war axe hits the orc warrior but does no damage.
Your +0 spectral war axe closely misses the orc warrior.
Your +0 spectral war axe hits the orc warrior.
Your +0 spectral war axe hits something but does no damage.
Something hits you but does no damage.
Deactivating autopickup; reactivate with Ctrl-A.
The orc warrior hits you from afar with a +0 glaive.
You die... ~~~~~# ~~~~~. ~~~~# ~~~~~ ### #@# #{o(# .oo.ooo

......ooo..
.........o.....
##...#...#...#.
##8###8###8##
## ### ##


You could see 4 orc warriors, an orc wizard, 5 orcs and a friendly +0 spectral
war axe.

Vanquished Creatures
  A two-headed ogre (D:9)
  Maggie (D:7)
  Menkaure (D:4)
  2 water moccasins (D:5)
  Duvessa (D:7)
  A black bear (D:7)
  3 orc warriors
  2 sky beasts (D:7)
  An ogre (D:4)
  A centaur (D:7)
  A kobold brigand (D:8)
  4 bullfrogs
  5 scorpions
  17 wights
  Dowan (D:7)
  5 killer bees (D:7)
  4 howler monkeys
  A hound (D:7)
  A quasit (D:9)
  2 jellies
  A gnoll bouda (D:9)
  5 orc priests
  A sleepcap (D:3)
  3 iguanas
  6 orc wizards
  7 gnolls
  8 adders
  A shadow imp (D:7)
  2 white imps (D:7)
  An ufetubus (D:5)
  A worm (D:4)
  A dart slug (D:4)
  39 orcs
  4 bats
  5 endoplasms
  9 giant cockroaches
  8 goblins
  15 hobgoblins
  3 quokkas
  7 ball pythons
  2 frilled lizards (D:3)
  11 kobolds
  7 rats
  A butterfly (D:5)
203 creatures vanquished.

Vanquished Creatures (others)
  A human (D:8)
  2 spectral weapons
3 creatures vanquished.

Grand Total: 206 creatures vanquished

Notes
Turn   | Place    | Note
-------+----------+-------------------------------------------
     0 | D:1      | qw the Gargoyle Cinder Acolyte began the quest for the Orb.
     0 | D:1      | Reached XP level 1. HP: 14/14 MP: 2/2
     0 | D:1      | 0 ||| qw: Version: 0.2-a-95-g4c1bab1
     0 | D:1      | 0 ||| qw: Game counter: 96
     0 | D:1      | 0 ||| qw: Always use a shield: true
     0 | D:1      | 0 ||| qw: God list: Okawaru
     0 | D:1      | 0 ||| qw: Allow faded altars: false
     0 | D:1      | 0 ||| qw: Do Orc after D:15 true
     0 | D:1      | 0 ||| qw: Do second Lair branch before Depths: true
     0 | D:1      | 0 ||| qw: Lair rune preference: random
     0 | D:1      | 0 ||| qw: Plans: Normal
     0 | D:1      | 0 ||| PLANNING D:1-11
    61 | D:1      | Reached skill level 3 in Axes
    84 | D:1      | 84 ||| INVOKING Fiery Armour.
   207 | D:1      | Reached XP level 2. HP: 14/19 MP: 3/3
   407 | D:1      | 407 ||| Stepping ~*~*~tactically~*~*~ (stealth).
   629 | D:1      | 629 ||| Stepping ~*~*~tactically~*~*~ (stealth).
   630 | D:1      | 630 ||| Stepping ~*~*~tactically~*~*~ (stealth).
   729 | D:1      | Reached XP level 3. HP: 22/23 MP: 4/4
  1140 | D:1      | 1140 ||| READING scroll labelled KETENU HYDED.
  1141 | D:1      | 1141 ||| READING scroll labelled LESUOST JIFE.
  1142 | D:1      | 1142 ||| READING scroll labelled XUUTADU CETEI.
  1143 | D:1      | 1143 ||| READING scroll labelled TUXYNO ROLO.
  1165 | D:2      | Reached skill level 4 in Axes
  1180 | D:2      | Identified the +7 dagger "Eral" {drain, Int+4}
  1216 | D:2      | 1216 ||| Stepping ~*~*~tactically~*~*~ (stealth).
  1250 | D:2      | Identified the +0 chain mail of Awe {rElec Will- Dex+3}
  1257 | D:2      | 1257 ||| SWAPPING to +1 hand axe of flaming.
  1258 | D:2      | 1258 ||| DROPPING -1 hand axe of flaming.
  1483 | D:2      | Identified the +6 ring mail of the Arena {Harm rC+ Slay+4}
  1543 | D:2      | 1543 ||| INVOKING Fiery Armour.
  1546 | D:2      | Reached XP level 4. HP: 14/28 MP: 5/5
  1859 | D:2      | 1859 ||| UPGRADING to +0 chain mail of Awe {rElec Will-
                  | Dex+3}.
  1869 | D:2      | 1869 ||| DROPPING +0 robe.
  1870 | D:2      | 1870 ||| UPGRADING to +0 buckler.
  1875 | D:2      | 1875 ||| READING scroll labelled UMU GIDAOMUUPH.
  1878 | D:2      | 1878 ||| READING scroll labelled UTSUSE TOECH.
  1879 | D:2      | 1879 ||| DRINKING 2 clear potions.
  1911 | D:3      | 1911 ||| Stepping ~*~*~tactically~*~*~ (hiding).
  1942 | D:3      | 1942 ||| INVOKING Fiery Armour.
  1944 | D:3      | Reached skill level 1 in Shields
  1976 | D:3      | 1976 ||| SWAPPING to +0 war axe.
  2015 | D:3      | Reached skill level 1 in Armour
  2047 | D:3      | You fall into a shaft and drop 2 floors!
  2047 | D:5      | Entered Level 5 of the Dungeon
  2053 | D:5      | 2053 ||| Stepping ~*~*~tactically~*~*~ (stealth).
  2059 | D:5      | Reached XP level 5. HP: 32/32 MP: 6/6
  2110 | D:3      | Found an iron altar of Okawaru.
  2153 | D:3      | 2153 ||| INVOKING Fiery Armour.
  2217 | D:3      | Identified the ring of Fedhas's Esteem {rPois rF+ MP+9}
  2226 | D:3      | 2226 ||| Stepping ~*~*~tactically~*~*~ (stealth).
  2405 | D:3      | Found a burning altar of Makhleb.
  2511 | D:3      | Found a faded altar of an unknown god.
  2511 | D:3      | Found a hazy altar of Hepliaklqana.
  2513 | D:3      | Found a faded altar of an unknown god.
  2599 | D:3      | 2599 ||| UPGRADING to +0 chain mail.
  2609 | D:3      | 2609 ||| UPGRADING to +2 pair of boots.
  2614 | D:3      | 2614 ||| UPGRADING to ring of Fedhas's Esteem {rPois rF+
                  | MP+9}.
  2679 | D:3      | 2679 ||| READING scroll labelled ASCHEX HOXO.
  2747 | D:4      | Reached skill level 5 in Axes
  2747 | D:4      | Reached XP level 6. HP: 33/37 MP: 7/7
  2906 | D:4      | Found a white marble altar of Elyvilon.
  2907 | D:4      | 2907 ||| INVOKING Fiery Armour.
  2985 | D:4      | Reached XP level 7. HP: 44/44 MP: 8/8
  3039 | D:4      | Noticed Menkaure
  3045 | D:4      | Killed Menkaure
  3046 | D:4      | Reached skill level 6 in Axes
  3273 | D:4      | 3273 ||| Stepping ~*~*~tactically~*~*~ (hiding).
  3427 | D:4      | 3427 ||| READING scroll labelled VAMNIL OBOEDGH.
  3428 | D:4      | 3428 ||| READING scroll labelled EFREINOTHE.
  3429 | D:4      | 3429 ||| READING scroll labelled WAXODI LOLAMAEJIPP.
  3640 | D:5      | Reached skill level 3 in Shields
  3736 | D:5      | Reached XP level 8. HP: 48/48 MP: 9/9
  3848 | D:5      | 3848 ||| Stepping ~*~*~tactically~*~*~ (stealth).
  3850 | D:5      | 3850 ||| Stepping ~*~*~tactically~*~*~ (hiding).
  3863 | D:5      | 3863 ||| INVOKING Fiery Armour.
  3870 | D:5      | Reached skill level 7 in Axes
  4084 | D:5      | Found a staircase to the Ecumenical Temple.
  4299 | D:5      | 4299 ||| DRINKING 3 lumpy orange potions.
  4300 | D:5      | 4300 ||| DRINKING 3 cyan potions.
  4350 | D:6      | 4350 ||| Stepping ~*~*~tactically~*~*~ (hiding).
  4475 | D:6      | Reached skill level 1 in Throwing
  4659 | D:6      | 4659 ||| INVOKING Fiery Armour.
  4662 | D:6      | HP: 9/49 [orc priest/+2 hand axe of freezing (6)]
  4663 | D:6      | 4663 ||| READING 3 scrolls of teleportation.
  5642 | D:7      | 5642 ||| INVOKING Fiery Armour.
  5644 | D:7      | Reached skill level 8 in Axes
  5842 | D:7      | 5842 ||| Stepping ~*~*~tactically~*~*~ (stealth).
  5844 | D:7      | 5844 ||| Stepping ~*~*~tactically~*~*~ (stealth).
  5848 | D:7      | Reached skill level 6 in Fighting
  5873 | D:7      | 5873 ||| Stepping ~*~*~tactically~*~*~ (stealth).
  5874 | D:7      | 5874 ||| Stepping ~*~*~tactically~*~*~ (stealth).
  5890 | D:7      | 5890 ||| Stepping ~*~*~tactically~*~*~ (hiding).
  5891 | D:7      | 5891 ||| Stepping ~*~*~tactically~*~*~ (hiding).
  5901 | D:7      | 5901 ||| INVOKING Fiery Armour.
  5901 | D:7      | HP: 9/51 [wight/+0 halberd (10)]
  5902 | D:7      | Reached XP level 9. HP: 10/55 MP: 10/10
  5902 | D:7      | 5902 ||| READING 2 scrolls of teleportation.
  5903 | D:7      | 5903 ||| DRINKING 3 potions of heal wounds.
  5907 | D:7      | Noticed Dowan
  5908 | D:7      | Noticed Duvessa
  5923 | D:7      | Killed Duvessa
  5924 | D:7      | Reached skill level 9 in Axes
  5925 | D:7      | Killed Dowan
  6036 | D:7      | Noticed Maggie
  6037 | D:7      | 6037 ||| Stepping ~*~*~tactically~*~*~ (hiding).
  6038 | D:7      | 6038 ||| Stepping ~*~*~tactically~*~*~ (hiding).
  6051 | D:7      | Killed Maggie
  6115 | D:7      | 6115 ||| Stepping ~*~*~tactically~*~*~ (stealth).
  6116 | D:7      | 6116 ||| Stepping ~*~*~tactically~*~*~ (stealth).
  6117 | D:7      | 6117 ||| Stepping ~*~*~tactically~*~*~ (stealth).
  6118 | D:7      | 6118 ||| Stepping ~*~*~tactically~*~*~ (stealth).
  6456 | D:7      | 6456 ||| Stepping ~*~*~tactically~*~*~ (hiding).
  6696 | D:7      | 6696 ||| DRINKING 3 puce potions.
  6696 | D:7      | Gained mutation: You possess an exceptional clarity of
                  | mind. [potion of mutation]
  6697 | D:7      | 6697 ||| DRINKING 2 emerald potions.
  6744 | D:7      | 6744 ||| DROPPING potion of lignification.
  6787 | D:8      | 6787 ||| INVOKING Fiery Armour.
  6790 | D:8      | 6790 ||| Stepping ~*~*~tactically~*~*~ (hiding).
  7176 | D:8      | Reached skill level 10 in Axes
  7207 | D:8      | Reached skill level 1 in Dodging
  7207 | D:8      | Reached XP level 10. HP: 35/63 MP: 11/11
  7208 | D:8      | 7208 ||| INVOKING Fiery Armour.
  7373 | D:8      | Found an ancient bone altar of Kikubaaqudgha.
  7511 | D:8      | 7511 ||| Stepping ~*~*~tactically~*~*~ (hiding).
  7521 | D:8      | 7521 ||| INVOKING Fiery Armour.
  7640 | D:8      | 7640 ||| READING scroll labelled QAONUVEN ZIOT.
  7641 | D:8      | 7641 ||| DRINKING 2 viscous emerald potions.
  7642 | D:8      | 7642 ||| DRINKING 2 viscous white potions.
  7643 | D:8      | 7643 ||| DROPPING potion of invisibility.
  7644 | D:8      | 7644 ||| DROPPING potion of flight.
  7690 | D:9      | 7690 ||| Stepping ~*~*~tactically~*~*~ (hiding).
  7692 | D:9      | 7692 ||| Stepping ~*~*~tactically~*~*~ (hiding).
  7693 | D:9      | 7693 ||| Stepping ~*~*~tactically~*~*~ (hiding).
  7717 | D:9      | 7717 ||| DROPPING +1 hand axe of flaming.
  7744 | D:9      | 7744 ||| READING 2 scrolls of identify.
  7744 | D:9      | 7744 ||| IDENTIFYING fuming pink potion
  7763 | D:9      | Noticed a rust devil
  7823 | D:9      | Noticed a two-headed ogre
  7831 | D:9      | Killed a two-headed ogre
  7935 | D:9      | 7935 ||| Stepping ~*~*~tactically~*~*~ (stealth).
  7937 | D:9      | 7937 ||| Stepping ~*~*~tactically~*~*~ (stealth).
  8088 | D:9      | 8088 ||| READING 2 scrolls of teleportation.
  8091 | D:9      | 8091 ||| INVOKING Fiery Armour.
  8111 | D:9      | Noticed a smoke demon
  8112 | D:9      | 8112 ||| READING scroll of teleportation.
  8113 | D:9      | Noticed a smoke demon
  8118 | D:9      | HP: 12/65 [orc warrior/boomerang (8)]
  8119 | D:9      | 8119 ||| DRINKING 2 potions of heal wounds.
  8122 | D:9      | 8122 ||| DRINKING potion of heal wounds.
  8122 | D:9      | HP: 5/65 [orc warrior/+0 glaive (18)]
  8123 | D:9      | HP: 2/65 [something (3)]
  8124 | D:9      | Slain by an orc warrior

Levels and vault maps discovered:
D:1:      dpeg_arrival_morbid_curiosity, layout_basic, minmay_worlds_worst_comb
D:2:      layout_basic
D:3:      layout_basic, mainiacjoe_overflow_alcove_4,
          nicolae_hepliaklqana_ecumenical_no_more,
          mainiacjoe_overflow_concentric_impassable
D:4:      layout_loops_ring, nicolae_overflow_crystal_walls, uniq_menkaure
D:5:      layout_loops_ring, minmay_temple_entry_butterflies
D:6:      layout_basic, serial_glass, glass_columns_a, glass_columns_a
D:7:      layout_loops_cross, uniq_duvessa, uniq_maggie
D:8:      layout_rooms, tgw_kikubaaqudgha, chequers_decorated_corner,
          hangedman_abyss_or_decor_stagger
D:9:      wander_river, layout_loops_cross, david_orc_4, serial_demonic,
          serial_demonic_f, serial_demonic_b, serial_demonic_a,
          serial_demonic_f, serial_demonic_a, water_boxes_lemuel

Skill      XL: |  1  2  3  4  5  6  7  8  9 10 |
---------------+-------------------------------+-----
Axes           | 3 4 5 6 8 10 | 10.3
Shields        | 2 3 5 |  5.2
Armour         | 1 2 4 5 |  5.1
Fighting       | 4 6 7 8 |  8.8
Throwing       | 1 |  1.3
Dodging        | 1 |  1.2
Spellcasting   | |  1.0
Fire Magic     | |  3.0

Action                     |  1- 3 |  4- 6 |  7- 9 | 10-12 || total
---------------------------+-------+-------+-------+-------++-------
  Melee: Hand axe          |   182 |    20 |       |       ||   202
         War axe           |       |    74 |   273 |   103 ||   450
  Throw: Boomerang         |       |    40 |    34 |    42 ||   116
 Invoke: Fiery Armour      |     2 |     3 |     5 |     3 ||    13
    Use: Scroll            |     4 |     3 |     5 |     4 ||    16
         Potion            |       |     1 |     5 |     4 ||    10
   Stab: Distracted        |       |       |     1 |     1 ||     2
 Armour: Robe              |    58 |       |       |       ||    58
         Chain mail        |       |    71 |   165 |    45 ||   281
  Dodge: Dodged            |   120 |    28 |    83 |    20 ||   251
  Block: Buckler           |       |    19 |    34 |    14 ||    67

Table legend:
 A = Non-vault XP
 B = Vault XP
 C = Vault XP percentage of total XP
 D = Non-vault monster count
 E = Vault monster count
 F = Vault count percentage of total count
                 A         B        C        D         E       F
            +---------+---------+-------+---------+---------+-------
      Total |    5962 |     837 |  12.3 |     184 |      18 |   8.9
            +---------+---------+-------+---------+---------+-------
        D:1 |      28 |      21 |  42.9 |      18 |      11 |  37.9
        D:2 |      45 |       0 |   0.0 |      14 |       0 |   0.0
        D:3 |     182 |       0 |   0.0 |      30 |       0 |   0.0
        D:4 |     368 |     172 |  31.9 |      20 |       1 |   4.8
        D:5 |     549 |       0 |   0.0 |      15 |       0 |   0.0
        D:6 |     548 |       0 |   0.0 |      14 |       0 |   0.0
        D:7 |    1788 |     592 |  24.9 |      30 |       3 |   9.1
        D:8 |    1084 |       0 |   0.0 |      27 |       0 |   0.0
        D:9 |    1370 |      52 |   3.7 |      16 |       3 |  15.8
            +---------+---------+-------+---------+---------+-------
